 Dungeon Crawl Stone Soup version 0.18-a0-1078-gebb93d0 (webtiles) character file.

179 gorblad the Skirmisher (level 5, -1/37 HPs)
             Began as a Demonspawn Wanderer on Jan 14, 2016.
             Slain by an orc
             ... wielding a +0 club
              (3 damage)
             ... on level 3 of the Dungeon.
             The game lasted 00:06:16 (1721 turns).

gorblad the Skirmisher (Demonspawn Wanderer)        Turns: 1721, Time: 00:06:17

Health: -1/37      AC:  7    Str: 16      XL:     5   Next: 32%
Magic:  0/5        EV:  9    Int: 16 (17) God:
Gold:   125        SH:  2    Dex:  6 (7)  Spells: 0 memorised, 4 levels left

rFire  . . .     SeeInvis .     l - +2 dagger (elec)
rCold  . . .     Gourm    .     i - +1 ring mail
rNeg   . . .     Faith    .     f - +0 buckler
rPois  .         Spirit   +     (no helmet)
rElec  .         Dismiss  .     m - +0 cloak
rCorr  .         Reflect  .     (no gloves)
SustAt .         Harm     .     (no boots)
MR     .....     Rnd*Rage +     (no amulet)
Stlth  ++........               (no ring)
                                (no ring)

@: mighty, drained, not resistant to hostile enchantments, unstealthy
A: claws 1, berserk 1, blurry vision 1, clumsy 2, deterioration 1, frail 1, high
mp 1, nightstalker 1, magic shield
a: no special abilities


You were on level 3 of the Dungeon.
You were not hungry.

You visited 1 branch of the dungeon, and saw 3 of its levels.

You collected 125 gold pieces.

Inventory:

Hand Weapons
 l - a +2 dagger of electrocution (weapon)
Armour
 f - a +0 buckler (worn)
 i - a +1 ring mail (worn)
 m - a +0 cloak (worn)
Scrolls
 b - 2 scrolls of teleportation
 e - a scroll of remove curse
Potions
 p - a potion of flight
Comestibles
 a - 2 beef jerkies
 d - a bread ration
 g - 2 meat rations
 h - 4 fruits
 j - a slice of pizza


   Skills:
 + Level 4.2(3.9) Fighting
 * Level 2.1(1.8) Short Blades
   Level 3.8(3.5) Polearms
 - Level 1.7(1.5) Armour
 + Level 1.7(1.4) Stealth
 - Level 1.0(0.7) Shields


You had 4 spell levels left.
You didn't know any spells.

Dungeon Overview and Level Annotations

Branches:
Dungeon (3/15)

Altars:


Innate Abilities, Weirdness & Mutations

You have sharp fingernails.
You are slightly more attuned to the shadows.
When hurt, damage is shared between your health and your magic reserves.
You tend to lose your temper in combat.
Scrolls take you a little longer to read.
You are very clumsy. (Dex -4)
Your body sometimes deteriorates upon taking damage.
You are frail (-10% HP).
You have an increased reservoir of magic (+10% MP).


Message History

The hobgoblin hits you but does no damage.
The orc hits you with a club.
* * * LOW HITPOINT WARNING * * *
You hit the orc priest.
The orc priest is almost dead.
The orc barely misses you. The orc hits you with a short sword.
* * * LOW HITPOINT WARNING * * *
The orc priest barely misses you. The hobgoblin closely misses you.
The orc barely misses you.
An orc comes into view. It is wielding a club.
You barely miss the orc priest.
The orc priest is almost dead.
The orc hits you but does no damage. The orc closely misses you.
The orc priest hits you but does no damage.
You feel drained.
The orc moves out of view.
You hit the orc priest.
You kill the orc priest!
Your base Short Blades skill increases to level 2!
You block the hobgoblin's attack. The orc hits you with a club.
You die...

.. .# #.# #... ..# ##.#
#..# ..# .##.# ..# ..
#.##.# #.##.# .#
##.##.########..#.##..#
................)o....#
#.###.####...#..@o##.#
......# #...#..og....#
#.##..# #...#....##..#
#.##..# #...#...$....#
#.##..####...#......##
#.##..#......#........
......#....#####..#.##
..###.......... .)...
..............#


You could see 3 orcs and a hobgoblin.

Vanquished Creatures
  An orc priest (D:3)
  Terence (D:2)
  Jessica (D:2)
  3 adders (D:2)
  3 gnolls (D:2)
  A worm (D:2)
  An orc (D:3)
  8 bats
  2 giant cockroaches (D:2)
  5 goblins
  6 hobgoblins
  A quokka (D:2)
  3 giant newts
  3 kobolds (D:2)
  5 rats
44 creatures vanquished.

Notes
Turn   | Place    | Note
--------------------------------------------------------------
     0 | D:1      | gorblad the Demonspawn Wanderer began the quest for the Orb.
     0 | D:1      | gorblad set off with: a +2 spear, 2 scrolls of teleportation, a +0 robe, a bread ration
     0 | D:1      | Reached XP level 1. HP: 18/18 MP: 1/1
   160 | D:1      | Gained mutation: You are slightly more attuned to the shadows. [demonic ancestry]
   160 | D:1      | Reached XP level 2. HP: 24/24 MP: 2/2
   632 | D:2      | Noticed Jessica
   642 | D:2      | Killed Jessica
   642 | D:2      | Gained mutation: When hurt, damage is shared between your health and your magic reserves. [demonic ancestry]
   642 | D:2      | Reached XP level 3. HP: 13/29 MP: 3/3
   774 | D:2      | Noticed Terence
   777 | D:2      | Killed Terence
   777 | D:2      | Reached skill level 1 in Short Blades
   777 | D:2      | Reached XP level 4. HP: 27/36 MP: 4/4
   997 | D:2      | Found a faded altar to an unknown god.
  1205 | D:2      | Reached skill level 4 in Fighting
  1205 | D:2      | Gained mutation: You have sharp fingernails. [demonic ancestry]
  1205 | D:2      | Reached XP level 5. HP: 31/42 MP: 5/5
  1387 | D:2      | Gained mutation: You are frail (-10% HP). [potion of mutation]
  1387 | D:2      | Gained mutation: Your body sometimes deteriorates upon taking damage. [potion of mutation]
  1387 | D:2      | Gained mutation: Scrolls take you a little longer to read. [potion of mutation]
  1388 | D:2      | Gained mutation: You are covered in fur (AC +1). [potion of mutation]
  1388 | D:2      | Lost mutation: You are covered in fur (AC +1). [potion of mutation]
  1388 | D:2      | Gained mutation: You have an increased reservoir of magic (+10% MP). [potion of mutation]
  1389 | D:2      | Gained mutation: You are clumsy. (Dex -2) [potion of mutation]
  1389 | D:2      | Gained mutation: You are very clumsy. (Dex -4) [potion of mutation]
  1389 | D:2      | Gained mutation: You tend to lose your temper in combat. [potion of mutation]
  1721 | D:3      | Slain by an orc

Vault maps used:
D:1:      scummos_arrival_checkerplants, glass_columns_b
D:2:      ecumenical_altar_1, uniq_terence, uniq_jessica
D:3:      tgw_trog, yredelemnul_forgotten_temple_becter,
          nemelex_xobeh_ov_fountains_minmay

Action                   |  1- 3 |  4- 6 || total
-------------------------+-------+-------++-------
Melee: Spear             |    49 |       ||    49
       Dagger            |     2 |    82 ||    84
  Use: Scroll            |     1 |     7 ||     8
       Potion            |       |     4 ||     4
 Stab: Sleeping          |     1 |     1 ||     2
       Distracted        |       |     1 ||     1
  Eat: Chunk             |       |     3 ||     3
